 Dungeon Crawl Stone Soup version 0.23.1 (webtiles) character file.

Game seed: 4951362307369545397

1090 teukkam the Skirmisher (level 8, -1/70 HPs)
             Began as a Minotaur Fighter on Mar 11, 2019.
             Was a Believer of Nemelex Xobeh.
             Slain by an orc
             ... wielding a +0 scythe
              (6 damage)
             ... on level 7 of the Dungeon.
             The game lasted 00:15:04 (4484 turns).

teukkam the Skirmisher (Minotaur Fighter)           Turns: 4484, Time: 00:15:06

Health: -1/70      AC:  7    Str: 27    XL:     8   Next: 9%
Magic:  9/9        EV:  6    Int:  5    God:    Nemelex Xobeh [**....]
Gold:   486        SH: 17    Dex: 11    Spells: 7/7 levels left

rFire    . . .     SeeInvis .   a - +2 hand axe (elec)
rCold    . . .     Gourm    .   z - +1 large shield of Limitation {rElec rPois}
rNeg     . . .     Faith    .   k - +0 scale mail
rPois    +         Spirit   .   (helmet restricted)
rElec    +         Reflect  .   (no cloak)
rCorr    .         Harm     .   (no gloves)
MR       .....                  (no boots)
Stlth    ..........             h - amulet of the acrobat
HPRegen  0.21/turn              (no ring)
MPRegen  0.11/turn              (no ring)

@: mighty, marked
A: retaliatory headbutt, horns 2
a: Draw Escape, Draw Destruction, Draw Summoning, Renounce Religion


You were on level 7 of the Dungeon.
You worshipped Nemelex Xobeh.
Nemelex Xobeh was pleased with you.
You were not hungry.

You visited 2 branches of the dungeon, and saw 8 of its levels.

You collected 486 gold pieces.

Inventory:

Hand Weapons
 a - a +2 hand axe of electrocution (weapon)
 b - a +0 blowgun
 A - a +2 mace of holy wrath
 C - a +0 shortbow
 G - a +0 war axe
Missiles
 i - 45 sling bullets
 j - 8 needles of frenzy
 l - 39 poisoned needles
 D - 20 arrows
Armour
 c - a +0 shield
 k - a +0 scale mail (worn)
 z - the +1 large shield of Limitation (worn) {rElec rPois}
   (You found it on level 6 of the Dungeon)

   It insulates you from electricity.
   It protects you from poison.
Magical Staves
 o - an uncursed staff of fire
Jewellery
 h - an amulet of the acrobat (around neck)
Wands
 B - a wand of polymorph (4)
 E - a wand of iceblast (5)
Scrolls
 e - 2 scrolls of amnesia
 m - 2 scrolls of enchant armour {unknown}
 n - a scroll of fear {unknown}
 q - 2 scrolls of fog {unknown}
 s - 4 scrolls of remove curse {unknown}
 t - 7 scrolls of identify {unknown}
 v - a scroll of magic mapping {unknown}
 w - 3 scrolls of teleportation {unknown}
 x - a scroll of blinking {unknown}
 y - 2 scrolls of random uselessness {unknown}
 F - 2 scrolls of noise {unknown}
Potions
 d - a potion of might
 p - a potion of magic {unknown}
 r - a potion of mutation {unknown}
 u - a potion of haste {unknown}
 H - 2 potions of curing {unknown}
 I - 2 potions of resistance {unknown}
Comestibles
 f - 8 rations
 J - 8 chunks of flesh


   Skills:
 + Level 6.0 Fighting
 + Level 5.3 Axes
 + Level 3.4 Throwing
 + Level 5.9 Armour
 + Level 6.0 Shields
 + Level 3.3 Invocations


You had 7 spell levels left.
You didn't know any spells.
Your spell library was empty.

Dungeon Overview and Level Annotations

Branches:
Dungeon (7/15)             Temple (1/1) D:4

Altars:
Ashenzari
Cheibriados
Dithmenos
Elyvilon
Fedhas
Gozag
Hepliaklqana
Kikubaaqudgha
Makhleb
Nemelex Xobeh
Okawaru
Qazlal
Ru
Trog
Uskayaw
Vehumet
Wu Jian
Xom
Yredelemnul
Zin
The Shining One

Annotations:
D:3 2 runed translucent doors, Lees's ghost, amateur DrIE


Innate Abilities, Weirdness & Mutations

You reflexively headbutt those who attack you in melee.
You have a pair of horns on your head.


Message History

The centaur warrior skeleton hits you but does no damage.
You feel very mighty all of a sudden. Something hits you. Something hits you!
* * * LOW HITPOINT WARNING * * *
You block the centaur warrior skeleton's attack.
Something hits you.
* * * LOW HITPOINT WARNING * * *
You block the orc's attack. The orc completely misses you.
You block the centaur warrior skeleton's attack.
As you read the scroll labeled XEYNIA ESARPH, it crumbles to dust.
It is a scroll of amnesia.
You feel forgetful for a moment. Something hits you.
* * * LOW HITPOINT WARNING * * *
Something hits you.
* * * LOW HITPOINT WARNING * * *
You block something's attack.
You block the centaur warrior skeleton's attack.
The orc hits you from afar with a +0 scythe.
You die...
Your body disappears without a glow.

#####.##..#
#+##.........#####
...###...........#
...###.#.###.###.#
..[..รท...# #.### ##
#.####.#####.##.
.###
#.###...###...o.#...
#............##..Z#
#####...###.####@#
##.##.....##.# ...
#.##.....##o# ...
#....>.....o# ...
####.....#### #.#
#.....# #.# ###.###
#.# #.# #.# #. #.#
#<#


You could see 3 orcs and a centaur warrior skeleton.

Vanquished Creatures
  Grinder (D:6)
  An ice beast (D:6)
  An ogre (D:4)
  A phantom (D:4)
  A scorpion (D:4)
  3 killer bees (D:7)
  2 hounds (D:6)
  A centaur skeleton (D:4)
  2 orc priests (D:6)
  An iguana (D:4)
  2 worker ants
  A killer bee zombie (D:7)
  A howler monkey skeleton (D:4)
  4 gnolls (D:4)
  A howler monkey zombie (D:6)
  9 adders
  An ooze (D:1)
  2 worms
  A dart slug (D:1)
  3 leopard geckos
  3 orcs
  3 bats
  3 giant cockroaches
  A hobgoblin (D:2)
  5 kobolds
  2 quokkas
  2 ball pythons
  4 frilled lizards
  2 goblins
  A leopard gecko skeleton (D:4)
  3 rats
68 creatures vanquished.

Vanquished Creatures (collateral kills)
  2 centaurs
  A hound skeleton (D:6)
  2 jackals (D:4)
5 creatures vanquished.

Grand Total: 73 creatures vanquished

Notes
Turn   | Place    | Note
-------+----------+-------------------------------------------
     0 | D:1      | teukkam the Minotaur Fighter began the quest for the Orb.
     0 | D:1      | Reached XP level 1. HP: 19/19 MP: 0/0
   107 | D:3      | Found a large runed translucent door.
   107 | D:3      | Found a large runed translucent door.
   114 | D:3      | Reached XP level 2. HP: 20/27 MP: 1/1
   122 | D:3      | Noticed Lees's ghost (amateur DrIE)
   214 | D:3      | Found an opulent altar of Gozag.
   535 | D:4      | Found a staircase to the Ecumenical Temple.
   538 | Temple   | Entered the Ecumenical Temple
   663 | Temple   | Became a worshipper of Nemelex Xobeh the Trickster
   708 | D:4      | Received a gift from Nemelex Xobeh
   712 | D:4      | Reached XP level 3. HP: 33/33 MP: 2/2
  1205 | D:2      | Found a faded altar of an unknown god.
  1223 | D:2      | Reached XP level 4. HP: 35/40 MP: 3/3
  1720 | D:2      | Reached skill level 1 in Throwing
  1953 | D:3      | Found a burning altar of Makhleb.
  1954 | D:3      | Found a shadowy altar of Dithmenos.
  1972 | D:3      | Reached * piety under Nemelex Xobeh
  2251 | D:4      | Reached skill level 1 in Invocations
  2251 | D:4      | Reached XP level 5. HP: 36/47 MP: 4/4
  2274 | D:4      | Found a shattered altar of Ashenzari.
  2285 | D:4      | Received a gift from Nemelex Xobeh
  2287 | D:4      | Found a snail-covered altar of Cheibriados.
  2495 | D:4      | Noticed an ogre
  2525 | D:4      | Killed an ogre
  2525 | D:4      | Reached XP level 6. HP: 12/55 MP: 6/6
  2846 | D:4      | Reached skill level 5 in Fighting
  2846 | D:4      | Reached skill level 5 in Armour
  2856 | D:5      | Entered Level 5 of the Dungeon
  2923 | D:4      | Reached skill level 5 in Shields
  3276 | D:4      | Found a sparkling altar of Nemelex Xobeh.
  3362 | D:6      | Got a scorched large shield
  3367 | D:6      | Reached XP level 7. HP: 48/61 MP: 7/7
  3378 | D:6      | Identified the +1 large shield of Limitation {rElec rPois}
                  | (You found it on level 6 of the Dungeon)
  3602 | D:6      | Noticed Grinder
  3612 | D:6      | Paralysed by Grinder for 6 turns
  3619 | D:6      | Killed Grinder
  4205 | D:6      | Reached skill level 5 in Axes
  4228 | D:7      | Reached ** piety under Nemelex Xobeh
  4397 | D:7      | Reached XP level 8. HP: 62/70 MP: 9/9
  4484 | D:7      | Slain by an orc

Skill      XL: |  1  2  3  4  5  6  7  8 |
---------------+-------------------------+-----
Fighting       | 4 5 6 |  6.0
Armour         | 4 5 |  5.9
Shields        | 4 5 6 |  6.0
Axes           | 3 4 5 |  5.3
Throwing       | 1 2 3 |  3.4
Invocations    | 1 2 3 |  3.3

Action                   |  1- 3 |  4- 6 |  7- 9 || total
-------------------------+-------+-------+-------++-------
Melee: War axe           |    68 |    83 |    12 ||   163
       Headbutt          |     7 |    21 |     1 ||    29
       Hand axe          |       |       |    26 ||    26
       Mace              |       |       |     1 ||     1
 Fire: Blowgun           |     1 |    30 |     5 ||    36
 Abil: Draw Summoning    |       |       |     2 ||     2
       Draw Destruction  |       |       |     2 ||     2
  Use: Potion            |       |       |     2 ||     2
       Scroll            |       |       |     1 ||     1
  Eat: Chunk             |     1 |     3 |     4 ||     8
       Ration            |       |     1 |       ||     1
Armor: Scale mail        |    22 |    18 |    21 ||    61
Dodge: Dodged            |    32 |    29 |    13 ||    74
Block: Shield            |    31 |    37 |       ||    68
       Large shield      |       |       |    49 ||    49
